 Dungeon Crawl Stone Soup version 0.26-a0-1102-g347fe5baa7 (webtiles) character file.

Game seed: 2660833480871993049

10313 stormannn the Covert (level 11, -17/47 HPs)
             Began as a Vine Stalker Conjurer on Dec 15, 2020.
             Was an Elder of Vehumet.
             Demolished by a boulder beetle (26 damage)
             ... on level 10 of the Dungeon.
             The game lasted 01:02:45 (16924 turns).

stormannn the Covert (Vine Stalker Conjurer)       Turns: 16924, Time: 01:02:46

Health: -17/47     AC:  4    Str: 11    XL:     11   Next: 60%
Magic:  0/33       EV: 15    Int: 24    God:    Vehumet [****..]
Gold:   875        SH:  5    Dex: 12    Spells: 3/26 levels left

rFire    . . .     SeeInvis +   L - staff of conjuration
rCold    . . .     Faith    .   (no shield)
rNeg     . . .     Spirit   +   a - +0 robe
rPois    .         Reflect  +   (no helmet)
rElec    .         Harm     .   g - +0 cloak
rCorr    .         Rampage  .   E - +0 pair of gloves of Compassion {Int+3 Stlth+}
Will     +....                  (no boots)
Stlth    +++++.....             i - amulet of reflection
HPRegen  0.55/turn              v - ring of see invisible
MPRegen  0.23/turn              I - ring of magical power

@: no status effects
A: fangs 3, regeneration 1, magic shield, antimagic bite, no potion heal 3
a: Renounce Religion


You were on level 10 of the Dungeon.
You worshipped Vehumet.
Vehumet was greatly pleased with you.
You visited 3 branches of the dungeon, and saw 12 of its levels.
You also visited: Bailey.

You collected 1247 gold pieces.
You spent 372 gold pieces at shops.

Inventory:

Hand Weapons
 f - a +3 short sword
 k - a +1 dagger of venom
 z - the +7 mace of Objectivity {vorpal, rPois rF+}
   (You found it on level 4 of the Dungeon)

   It inflicts extra damage upon your enemies.
   It protects you from fire.
   It protects you from poison.
Missiles
 b - 3 atropa-tipped darts
 J - 15 poisoned darts (quivered)
Armour
 a - a +0 robe (worn)
 g - a +0 cloak (worn)
 E - the +0 pair of gloves of Compassion (worn) {Int+3 Stlth+}
   (You found it on level 5 of the Dungeon)

   It affects your intelligence (+3).
   It makes you more stealthy.
Magical Staves
 L - an uncursed staff of conjuration (weapon)
Jewellery
 i - an amulet of reflection (around neck)
 v - a ring of see invisible (left hand)
 I - a ring of magical power (right hand)
Wands
 o - a wand of flame (18)
 q - a wand of random effects (43)
 C - a wand of paralysis (7)
 H - a wand of disintegration (3)
 M - a wand of polymorph (6)
Scrolls
 c - 8 scrolls of identify
 d - 3 scrolls of random uselessness
 e - 2 scrolls of amnesia {unknown}
 h - 6 scrolls of remove curse
 n - a scroll of enchant weapon {unknown}
 w - 2 scrolls of noise {unknown}
 y - 2 scrolls of fog {unknown}
 A - a scroll of magic mapping {unknown}
 B - a scroll of teleportation {unknown}
 F - a scroll of immolation {unknown}
 K - a scroll of acquirement {unknown}
 N - a scroll of silence {unknown}
Potions
 j - a potion of lignification {unknown}
 l - 2 potions of haste {unknown}
 m - 2 potions of might
 p - 3 potions of flight
 s - 3 potions of magic
 t - 2 potions of attraction {unknown}
 u - 2 potions of curing {unknown}
 x - 3 potions of degeneration {unknown}
 G - a potion of ambrosia {unknown}
 O - a potion of mutation {unknown}


   Skills:
 + Level 7.0 Dodging
 + Level 10.8 Stealth
 + Level 8.4 Spellcasting
 + Level 9.1 Conjurations
 - Level 4.0 Hexes
 + Level 3.5 Transmutations
 + Level 3.5 Fire Magic
 + Level 3.5 Poison Magic


You had 3 spell levels left.
You knew the following spells:

 Your Spells              Type           Power        Failure   Level
a - Magic Dart            Conj           ####         1%          1
b - Searing Ray           Conj           ######       1%          2
c - Dazzling Flash        Conj/Hex       ######       1%          3
d - Fulminant Prism       Conj/Hex       ######....   1%          4
e - Ignite Poison         Fire/Tmut/Pois ####....     1%          3
f - Mephitic Cloud        Conj/Pois/Air  #####...     1%          3
g - Iskenderun's Mystic   Conj/Tloc      #####...     2%          4
h - Static Discharge      Conj/Air       #####...     1%          3

Your spell library contained the following spells:

 Spells                   Type           Power        Failure   Level
 Slow                     Hex            ####....     1%          2
 Conjure Flame            Conj/Fire      ######..     1%          3
 Passwall                 Tmut/Erth      ###.....     4%          2
 Blink                    Tloc           N/A          10%         2
 Call Imp                 Summ           ##......     10%         2
 Swiftness                Air            ##......     10%         2
 Gell's Gravitas          Tloc           ##........   19%         3
 Lesser Beckoning         Tloc           ##........   19%         3
 Teleport Other           Tloc           ##......     19%         3
 Lee's Rapid Deconstruct  Erth           ##........   38%         5
 Passage of Golubria      Tloc           N/A          52%         4
 Invisibility             Hex            ####....     88%         6


Dungeon Overview and Level Annotations

Branches:
Dungeon (10/15)            Temple (1/1) D:4            Lair (1/6) D:9
 Bailey (visited)
    Orc: D:9-12

Altars:
Ashenzari
Cheibriados
Dithmenos
Elyvilon
Fedhas
Gozag
Hepliaklqana
Kikubaaqudgha
Makhleb
Nemelex Xobeh
Okawaru
Qazlal
Ru
Sif Muna
Trog
Uskayaw
Vehumet
Wu Jian
Xom
Yredelemnul
Zin
The Shining One
Lugonu

Shops:
D:6 ?*   D:8 [   D:9 *

Annotations:
D:6 3 runed translucent doors, Kauriferous's ghost, amateur TrHu
D:7 1 runed translucent door, Crazy Yiuf


Innate Abilities, Weirdness & Mutations

You have razor-sharp teeth.
Your natural rate of healing is unusually fast.
When hurt, damage is shared between your health and your magic reserves.
Your bite disrupts and absorbs the magic of your enemies.
Potions cannot restore your health.


Message History

Aiming: Searing Ray (safe; 1% risk of failure)
Press: ? - help, Shift-Dir - straight line, f/p - boulder beetle
Aim: a boulder beetle (moderately wounded, 0% to evade)
You feel a surge of power!
The searing ray hits the boulder beetle.
The boulder beetle is moderately wounded. (Press . to maintain the ray.)
The boulder beetle curls into a ball and begins rolling!
The boulder beetle hits you!!!
Ouch! That really hurt!
* * * LOW HITPOINT WARNING * * *
The boulder beetle stops rolling and uncurls.
Casting: Searing Ray (safe; 1% risk of failure)
Confirm with . or Enter, or press ? or * to list all spells.
You feel a surge of power!
You erupt in a blast of force!
The mystic blast hits the boulder beetle but does no damage.
The boulder beetle is moderately wounded.
The boulder beetle bites you!!
Ouch! That really hurt!
You die...

#.###.#+###.........#
#...#.#.#.........#l#
######.#.#.#....####.#[#
# #...............##
#.#.###
#.####.....<.....#
#.#.... ##..........#
#.###○. #..°.......#
#....†. #..B.......#
#....).
##.@.#+########...[°
##.###.# #....#.○
#<.....######.####..
#...........#.# #...
..............##..##
###......>...###..##.
#...###........##..
#...# #.########...
#...###.# #.# #....


You could see a boulder beetle.

Vanquished Creatures
  A hydra (Lair:1)
  An elephant (D:9)
  A gargoyle (D:10)
  Maggie (D:7)
  Psyche (D:10)
  2 komodo dragons
  Prince Ribbit (D:7)
  Sigmund (D:3)
  8 yaks (D:9)
  4 wyverns
  2 basilisks (D:9)
  Edmund (D:4)
  Duvessa (D:4)
  5 water moccasins
  An orc warrior (D:10)
  A sky beast (D:6)
  A phantom (D:8)
  An ice beast (D:9)
  8 centaurs
  2 necrophages
  3 ogres
  6 bullfrogs
  11 gnoll sergeants
  Dowan (D:4)
  3 scorpions
  4 killer bees
  A centaur zombie (D:6)
  A bullfrog zombie (D:5)
  A crimson imp (D:2)
  A jelly (D:8)
  8 hounds
  3 orc priests
  8 gnoll shamans
  6 orc wizards
  2 bullfrog skeletons
  A centaur skeleton (D:9)
  Jessica (D:3)
  Ijyb (D:5)
  5 worker ants
  2 iguanas
  2 hell rats (Lair:1)
  2 worker ant zombies
  34 gnolls
  7 river rats (Lair:1)
  19 adders
  2 shadow imps
  2 white imps
  An ufetubus (D:7)
  An ooze (D:1)
  2 dart slugs
  5 worms
  8 leopard geckos
  25 orcs
  7 bats
  6 giant cockroaches
  11 goblins
  8 hobgoblins
  11 jackals
  7 quokkas
  3 ball pythons
  6 frilled lizards
  7 kobolds
  2 leopard gecko skeletons
  A leopard gecko zombie (D:9)
  16 rats
308 creatures vanquished.

Vanquished Creatures (others)
  10 fulminant prisms
  6 fungi (Lair:1)
  4 plants (Lair:1)
20 creatures vanquished.

Grand Total: 328 creatures vanquished

Notes
Turn   | Place    | Note
-------+----------+-------------------------------------------
     0 | D:1      | stormannn the Vine Stalker Conjurer began the quest for the
                  | Orb.
     0 | D:1      | Reached XP level 1. HP: 9/9 MP: 4/4
   103 | D:1      | Reached XP level 2. HP: 13/13 MP: 1/6
   305 | D:1      | Reached skill level 3 in Stealth
   305 | D:1      | Reached XP level 3. HP: 16/16 MP: 1/7
  1073 | D:2      | Gained mutation: Your natural rate of healing is unusually
                  | fast. [Vine Stalker growth]
  1073 | D:2      | Reached XP level 4. HP: 21/21 MP: 4/9
  1950 | D:2      | Reached skill level 4 in Stealth
  1950 | D:2      | Reached XP level 5. HP: 24/24 MP: 8/10
  1964 | D:2      | Found a burning altar of Makhleb.
  2722 | D:3      | Found an ornate altar of the Wu Jian Council.
  2750 | D:3      | Found a stormy altar of Qazlal.
  2764 | D:3      | Found a shadowy altar of Dithmenos.
  2767 | D:3      | Found a sparkling altar of Nemelex Xobeh.
  3087 | D:3      | Noticed Jessica
  3090 | D:3      | Killed Jessica
  3104 | D:3      | Reached skill level 5 in Conjurations
  3104 | D:3      | Reached XP level 6. HP: 28/28 MP: 4/12
  3791 | D:3      | Found an iron altar of Okawaru.
  3809 | D:3      | Noticed Sigmund
  3820 | D:3      | Killed Sigmund
  3821 | D:3      | Reached skill level 5 in Stealth
  3821 | D:3      | Reached XP level 7. HP: 32/32 MP: 12/14
  4969 | D:3      | Learned a level 2 spell: Searing Ray
  5525 | D:4      | Noticed Edmund
  5550 | D:4      | Killed Edmund
  5551 | D:4      | Reached skill level 1 in Hexes
  5607 | D:4      | Reached skill level 6 in Stealth
  5798 | D:4      | Got a masterwork mace
  5799 | D:4      | Identified the +7 mace of Objectivity {vorpal, rPois rF+}
                  | (You found it on level 4 of the Dungeon)
  5957 | D:4      | Noticed Duvessa
  5959 | D:4      | Noticed Dowan
  5970 | D:4      | Killed Duvessa
  5971 | D:4      | Gained mutation: You have razor-sharp teeth. [Vine Stalker
                  | growth]
  5971 | D:4      | Reached XP level 8. HP: 28/36 MP: 0/16
  5978 | D:4      | Killed Dowan
  6072 | D:4      | Found a staircase to the Ecumenical Temple.
  6080 | Temple   | Entered the Ecumenical Temple
  6123 | Temple   | Became a worshipper of Vehumet
  6179 | D:4      | Found a shimmering blue altar of Sif Muna.
  6335 | D:5      | Entered Level 5 of the Dungeon
  6548 | D:5      | Reached skill level 5 in Spellcasting
  6661 | D:5      | Noticed Ijyb
  6664 | D:5      | Paralysed by Ijyb for 3 turns
  6671 | D:5      | Paralysed by Ijyb for 7 turns
  6678 | D:5      | Killed Ijyb
  6924 | D:5      | Reached skill level 7 in Stealth
  6952 | D:5      | Learned a level 3 spell: Dazzling Flash
  7152 | D:5      | Got a pair of faintly humming gloves
  7158 | D:5      | Identified the +0 pair of gloves of Compassion {Int+3
                  | Stlth+} (You found it on level 5 of the Dungeon)
  7177 | D:5      | Reached * piety under Vehumet
  7177 | D:5      | Offered knowledge of Sandblast by Vehumet.
  7719 | D:5      | Reached XP level 9. HP: 39/39 MP: 9/18
  7868 | D:5      | Noticed a moth of wrath
  7870 | D:5      | Found a bloodstained altar of Trog.
  8098 | D:6      | Found a shimmering altar of Xom.
  8327 | D:6      | Found Ruf Hiak's Elemental Accessories.
  8523 | D:6      | Offered knowledge of Freeze by Vehumet.
  8530 | D:6      | Reached ** piety under Vehumet
  8531 | D:6      | Reached skill level 8 in Stealth
  8688 | D:6      | Learned a level 4 spell: Fulminant Prism
  8794 | D:6      | Found a runed translucent gate.
  8794 | D:6      | Found a runed translucent gate.
  8795 | D:6      | Found a runed translucent gate.
  8795 | D:6      | Noticed Kauriferous's ghost (amateur TrHu)
  8847 | D:6      | Reached skill level 5 in Dodging
  9446 | D:6      | Found Qiff's Magic Scroll Emporium.
  9451 | D:6      | Bought a scroll of blinking for 112 gold pieces
  9451 | D:6      | Bought a scroll of blinking for 112 gold pieces
  9760 | D:7      | Found a blossoming altar of Fedhas.
  9887 | D:7      | Noticed Prince Ribbit
  9900 | D:7      | Killed Prince Ribbit
 10146 | D:7      | Found a sacrificial altar of Ru.
 10212 | D:7      | Noticed Maggie
 10223 | D:7      | Killed Maggie
 10224 | D:7      | Reached skill level 9 in Stealth
 10224 | D:7      | Reached XP level 10. HP: 44/44 MP: 8/21
 10621 | D:7      | Found a runed translucent door.
 10622 | D:7      | Noticed Crazy Yiuf
 10905 | D:8      | Offered knowledge of Ignite Poison by Vehumet.
 10910 | D:8      | Learned a level 3 spell: Ignite Poison
 10966 | D:8      | Found a white marble altar of Elyvilon.
 11162 | D:8      | Found a flagged portal.
 11178 | Bailey   | Entered a bailey
 11935 | Bailey   | Reached *** piety under Vehumet
 12909 | D:8      | Found Gicvoahim's Antique Armour Shop.
 13453 | D:8      | Reached skill level 1 in Fire Magic
 13567 | D:8      | Bought a heavy robe for 148 gold pieces
 13567 | D:8      | Identified the cursed +0 robe of Insatiable Hunger {-Cast
                  | *Slow rCorr SInv} (You bought it in a shop on level 8 of
                  | the Dungeon)
 13796 | D:9      | Offered knowledge of Sticky Flame by Vehumet.
 13801 | D:9      | Learned a level 3 spell: Mephitic Cloud
 13806 | D:9      | Learned a level 4 spell: Iskenderun's Mystic Blast
 13841 | D:9      | Reached skill level 1 in Transmutations
 13841 | D:9      | Reached skill level 1 in Poison Magic
 13847 | D:9      | Reached skill level 10 in Stealth
 14025 | D:9      | Found Gozag's Platinum Reserve.
 14193 | D:9      | Found a shimmering altar of Xom.
 14275 | D:9      | Noticed an elephant
 14286 | D:9      | Killed an elephant
 14412 | D:9      | Found a staircase to the Lair.
 14460 | D:9      | Reached XP level 11. HP: 47/47 MP: 23/23
 14621 | D:9      | Found a hide-covered altar of Uskayaw.
 14621 | D:9      | Noticed a +0 hand axe
 14622 | D:9      | Noticed a +0 hand axe
 14649 | D:9      | Found a hazy altar of Hepliaklqana.
 14752 | D:9      | Found a basalt altar of Yredelemnul.
 14946 | D:9      | Found an opulent altar of Gozag.
 15382 | D:10     | Entered Level 10 of the Dungeon
 15475 | D:10     | Noticed Psyche
 15480 | D:10     | Killed Psyche
 15723 | D:10     | Reached **** piety under Vehumet
 15822 | D:10     | Noticed a boulder beetle
 15951 | Lair:1   | Entered Level 1 of the Lair of Beasts
 15999 | Lair:1   | Noticed a seven-headed hydra
 16010 | Lair:1   | Killed a seven-headed hydra
 16326 | Lair:1   | Offered knowledge of Static Discharge by Vehumet.
 16331 | Lair:1   | Learned a level 3 spell: Static Discharge
 16397 | Lair:1   | Noticed a six-headed hydra
 16924 | D:10     | Demolished by a boulder beetle

Illustrated notes

Levels and vault maps discovered:
D:1:      wheals_arrival_shading, layout_basic
D:2:      layout_basic, makhleb_grotto_becter
D:3:      minmay_bubble_buster, layout_loops_corners, okawaru_trees_1,
          grunt_temple_overflow_cloverleaf, uniq_jessica, uniq_sigmund
D:4:      layout_basic, general_overflow_altar,
          minmay_temple_entry_gardened_gates, minmay_vboxes, uniq_edmund,
          uniq_duvessa
D:5:      kennysheep_big_flooded_room, layout_cave_pools, tgw_trog,
          serial_gnoll_camp, gnoll_camp_mini_hut, gnoll_camp_huts_basic,
          gnoll_camp_mini_house, gnoll_camp_mini_hut, gnoll_camp_mini_hut,
          uniq_ijyb
D:6:      layout_loops_corners, serial_shops, shop, gammafunk_ghost_split,
          basic_altar, nicolae_elemental_shop
D:7:      layout_basic, nicolae_ru_sacrificial_ziggurat, old_standard_altar,
          minmay_statues_item, uniq_maggie, uniq_crazy_yiuf_cottage,
          uniq_prince_ribbit1
D:8:      layout_basic, kennysheep_mini_moat, serial_shops,
          nicolae_shop_waterfront, enter_bailey_5, kennysheep_generic_room_4
D:9:      layout_grid_maze, xom_teletrap_fun, dancing_weapons_uskayaw,
          nicolae_gozag_zags_fifth_avenue, old_standard_altar,
          overflow_temple_1_default, david_lair_generic
D:10:     minmay_the_grid_octo_tiled_squarecenter
          [minmay_the_grid_octo_tetromino_candy,
          minmay_the_grid_octo_fat_diamond, minmay_the_grid_octo_77,
          minmay_the_grid_octo_empty,
          minmay_the_grid_square_5x5_megaprize_diamond,
          minmay_the_grid_square_5x5_eight_small,
          minmay_the_grid_square_5x5_inner_z,
          minmay_the_grid_square_5x5_misaligned,
          minmay_the_grid_square_5x5_plus], layout_basic, small_statue_alley_a,
          dk_yredelemnul_ordeal, uniq_psyche, uniq_grum
Temple:   corrupted_temple
Lair:1:   layout_long_grid, kennysheep_rathole, grunt_megastairs_5

Skill      XL: |  1  2  3  4  5  6  7  8  9 10 11 |
---------------+----------------------------------+-----
Stealth        | 3 4 5 6 7 9 10 | 10.8
Dodging        | 2 3 4 5 6 7 |  7.0
Spellcasting   | 3 4 5 6 7 8 |  8.4
Conjurations   | 5 6 7 8 9 |  9.1
Hexes          | 1 2 4 |  4.0
Fire Magic     | 2 3 |  3.5
Transmutations | 2 3 |  3.5
Poison Magic   | 2 3 |  3.5

Action                   |  1- 3 |  4- 6 |  7- 9 | 10-12 || total
-------------------------+-------+-------+-------+-------++-------
Melee: Unarmed           |     6 |       |       |       ||     6
       Short sword       |    15 |    49 |    37 |       ||   101
       Bite              |     4 |     9 |     9 |     3 ||    25
       Mace              |       |       |    25 |    10 ||    35
       Staff             |       |       |       |     3 ||     3
Throw: Dart              |       |       |       |     4 ||     4
 Cast: Magic Dart        |    38 |   115 |   189 |   198 ||   540
       Searing Ray       |       |       |    55 |   101 ||   156
       Fulminant Prism   |       |       |     2 |     8 ||    10
       Dazzling Flash    |       |       |     2 |     5 ||     7
       Mephitic Cloud    |       |       |       |    15 ||    15
       Iskenderun's Myst |       |       |       |     6 ||     6
       Static Discharge  |       |       |       |     1 ||     1
Evoke: Wand              |       |       |       |     6 ||     6
  Use: Scroll            |       |       |     5 |     7 ||    12
       Potion            |       |       |       |     1 ||     1
 Stab: Sleeping          |     6 |     2 |     4 |       ||    12
Armor: Robe              |     5 |     7 |    25 |    17 ||    54
Dodge: Dodged            |    17 |    31 |   119 |   113 ||   280
Block: Other             |       |       |    20 |    39 ||    59
       Reflection        |       |       |     2 |     9 ||    11

Table legend: (Time is in decaauts)
 A = Elapsed time spent in this place.
 B = Non-inter-level travel time spent in this place.
 C = Inter-level travel time spent in this place.
 D = Time resting spent in this place.
 E = Time spent auto-exploring this place.
 F = Levels seen in this place.
 G = Mean time per level.
                   A        B        C        D        E       F      G
               +--------+--------+--------+--------+--------+-----+--------+
         Total |  16958 |  16416 |    542 |   6388 |   7317 |  13 | 1304.5 |
       Dungeon |  14710 |  14194 |    516 |   5556 |   6614 |  10 | 1471.0 |
        Temple |     59 |     33 |     26 |      0 |     31 |   1 |   59.0 |
          Lair |    547 |    547 |      0 |    148 |    206 |   1 |  547.0 |
        Bailey |   1640 |   1640 |      0 |    684 |    466 |   1 | 1640.0 |
               +--------+--------+--------+--------+--------+-----+--------+

Top non-repeatable levels by time:
     D:3: 2417 daAuts
     D:9: 2088 daAuts
     D:5: 1829 daAuts
     D:2: 1719 daAuts
  Bailey: 1640 daAuts
     D:8: 1501 daAuts
     D:6: 1435 daAuts
     D:4: 1313 daAuts
     D:7: 1176 daAuts
     D:1: 841 daAuts
  Lair:1: 547 daAuts
    D:10: 387 daAuts
  Temple: 59 daAuts
